 Seeded DCSS version 0.30-a0-1043-g60ff8d5f49 (webtiles) character file.

Game seed: 10352460324943366261 (custom seed)

1267 GigaChad the Shield-Bearer (level 8, -1/60 (63) HPs)
             Began as a Formicid Fighter on Apr 11, 2023.
             Slain by a wight
             ... wielding a +4 hand axe
              (5 damage)
             ... on level 8 of the Dungeon.
             The game lasted 00:08:07 (4349 turns).

GigaChad the Shield-Bearer (Formicid Fighter)       Turns: 4349, Time: 00:08:08

HP:   -1/60 (63)    AC: 10    Str: 30    XL:     8   Next: 82%
MP:   8/8           EV:  8    Int:  7    God:
Gold: 250           SH: 10    Dex: 13    Spells: 7/7 levels left

rFire   . . .      SeeInvis +    u - +2 executioner's axe (heavy)
rCold   . . .      Faith    .    k - +0 kite shield
rNeg    . . .      Spirit   .    p - +0 chain mail
rPois   .          Reflect  .    (helmet unavailable)
rElec   .          Rampage  .    (no cloak)
rCorr   .                        (no gloves)
Will    .....                    (no boots) Stlth
                                 (no amulet)
HPRegen 0.30/turn                e - +6 ring of strength
MPRegen 0.11/turn                (no ring)

@: lightly drained
A: permanent stasis, dig shafts and tunnels, antennae 3, four strong arms
a: Dig, Shaft Self


You were on level 8 of the Dungeon.
You visited 1 branch of the dungeon, and saw 6 of its levels.

You collected 250 gold pieces.

Inventory:

Hand Weapons
 a - a +1 war axe
 u - a +2 heavy executioner's axe (weapon)
Armour
 b - a +0 scale mail
 c - a +0 buckler
 k - a +0 kite shield (worn)
 p - a +0 chain mail (worn)
Jewellery
 e - a +6 ring of strength (left hand)
 o - a ring of magical power
 r - a ring of magical power
 v - a ring of positive energy
Scrolls
 f - a scroll of fear
 g - a scroll of butterflies
 i - 6 scrolls of identify
 w - a scroll of teleportation {unknown}
Potions
 d - a potion of might
 h - a potion of degeneration {unknown}
 j - a potion of curing {unknown}
 l - a potion of flight {unknown}
 m - a potion of attraction {unknown}
 n - a potion of brilliance {unknown}
 q - 6 potions of lignification {unknown}
 s - a potion of magic {unknown}
 t - 2 potions of ambrosia {unknown}


   Skills:
 * Level 5.6 Fighting
 + Level 6.0 Axes
 * Level 6.1 Armour
 - Level 0.1 Dodging
 * Level 7.9 Shields


You had 7 spell levels left.
You didn't know any spells.
Your spell library contained the following spells:

 Spells                   Type           Power      Damage    Failure   Level
 Apportation              Tloc           0%         N/A       98%         1
 Kiss of Death            Conj/Necr      0%         2d5       98%         1
 Magic Dart               Conj           0%         1d3       98%         1
 Necrotise                Necr           0%         1d4       98%         1
 Slow                     Hex            0%         N/A       98%         1
 Summon Small Mammal      Summ           0%         N/A       98%         1
 Searing Ray              Conj           0%         2d4       99%         2
 Confusing Touch          Hex            0%         N/A       100%        3
 Hailstorm                Conj/Ice       0%         3d3       100%        3
 Vampiric Draining        Necr           0%         2d6       100%        3
 Dispel Undead            Necr           0%         3d6       100%        4
 Fulminant Prism          Conj/Hex       0%         3d5       100%        4
 Ice Form                 Ice/Tmut       0%         N/A       100%        4
 Manifold Assault         Tloc           0%         N/A       100%        4
 Simulacrum               Ice/Necr       0%         N/A       100%        6
 Storm Form               Tmut/Air       0%         N/A       100%        7
 Blink                    Tloc           Unusable   N/A       N/A         2

Dungeon Overview and Level Annotations

Branches:
Dungeon (8/15)
 Temple: D:4-7         Lair: D:8-11

Altars:

Shops:
D:1 [

Annotations:
D:2 1 runed translucent door, Crazy Yiuf, Jessica


Innate Abilities, Weirdness & Mutations

You cannot be hasted, slowed, berserked, paralysed or teleported.
You can dig through walls and to a lower floor.
You have a pair of large antennae on your head. (SInv)
Your four strong arms can wield two-handed weapons with a shield.


Message History

The wight closely misses you. The wight barely misses you.
Your life force feels restored.
Your Armour skill increases to level 6!
You slice the wight!!
You destroy the wight!
You slash the wight! x2; You block the wight's attack.
The wight hits you with a +0 long sword!
You feel drained. You block the wight's attack.
The wight hits you with a +4 hand axe.
You feel drained.
Your life force feels restored.
The wight hits you but does no damage.
The wight hits you with a +0 long sword.
You feel drained. The wight attacks as you move away!
You block the wight's attack.
You hit the wight but do no damage.
The wight is severely damaged.
You block the wight's attack.
The wight hits you with a +0 long sword.
You feel drained. You block the wight's attack.
You hit the wight but do no damage.
The wight is severely damaged.
You slash the wight!
You destroy the wight!
You block the wight's attack. The wight barely misses you.
Your Axes skill increases to level 6!
You closely miss the wight.
The wight is severely damaged.
The wight hits you with a +4 hand axe.
* * * LOW HITPOINT WARNING * * *
The wight hits you but does no damage. The wight barely misses you.
You closely miss the wight.
The wight is severely damaged.
The wight hits you with a +4 hand axe!
* * * LOW HITPOINT WARNING * * *
You feel drained. The wight hits you with a +4 hand axe!
* * * LOW HITPOINT WARNING * * *
You hit the wight but do no damage.
The wight is severely damaged.
You block the wight's attack. x2; The wight hits you with a +4 hand axe.
You die...

..... ......
###### ### ..# #.#
#.# .
###.###.#######...
........#.........
###.@z.)....(.
#..)#.......).
#.#########...
##### #.# .
#...#######.#
#...........#
###...#########
.....## [....#


You could see a wight.

Vanquished Creatures
  A black bear (D:4)
  An orc warrior (D:8)
  2 ogres
  2 centaurs
  Blork the orc (D:4)
  A bullfrog (D:3)
  3 wights (D:8)
  A howler monkey (D:4)
  A quasit (D:5)
  2 orc priests
  A hound (D:3)
  A sleepcap (D:4)
  2 iguanas
  2 orc wizards
  A gnoll (D:1)
  7 adders
  A worm (D:2)
  2 dart slugs
  11 orcs
  10 ball pythons
  11 endoplasms
  3 giant cockroaches (D:3)
  2 hobgoblins
  9 jackals
  4 quokkas
  5 bats
  3 frilled lizards (D:1)
  5 goblins
  2 hobgoblin zombies (D:5)
  7 kobolds
  A kobold skeleton (D:5)
  A kobold zombie (D:5)
  3 rats
109 creatures vanquished.

Vanquished Creatures (others)
  8 plants (D:1)
8 creatures vanquished.

Grand Total: 117 creatures vanquished

Notes
Turn   | Place    | Note
-------+----------+-------------------------------------------
     0 | D:1      | GigaChad the Formicid Fighter began the quest for the Orb.
     0 | D:1      | Reached XP level 1. HP: 18/18 MP: 1/1
    83 | D:1      | Found a faded altar of an unknown god.
   137 | D:1      | Reached XP level 2. HP: 10/24 MP: 2/2
   326 | D:1      | Found Huege's Antique Armour Shoppe.
   365 | D:1      | Reached XP level 3. HP: 20/29 MP: 3/3
  1081 | D:2      | Reached XP level 4. HP: 33/36 MP: 4/4
  1252 | D:2      | Found a runed translucent door.
  1252 | D:2      | Noticed Jessica
  1253 | D:2      | Noticed Crazy Yiuf
  1586 | D:2      | Reached XP level 5. HP: 42/42 MP: 5/5
  2141 | D:3      | Reached skill level 5 in Shields
  2241 | D:3      | Noticed a bullfrog
  2248 | D:3      | Killed a bullfrog
  2249 | D:3      | Reached XP level 6. HP: 31/48 MP: 6/6
  2359 | D:3      | Identified a scroll of acquirement
  2359 | D:3      | Acquired a +2 heavy executioner's axe
  2663 | D:3      | Noticed an ogre
  2666 | D:3      | Killed an ogre
  2874 | D:3      | Reached XP level 7. HP: 55/55 MP: 7/7
  3062 | D:4      | Noticed Blork the orc
  3069 | D:4      | Killed Blork the orc
  3070 | D:4      | Reached skill level 6 in Shields
  3768 | D:4      | Reached skill level 5 in Axes
  3768 | D:4      | Reached skill level 5 in Armour
  3953 | D:5      | Entered Level 5 of the Dungeon
  3962 | D:5      | Reached skill level 5 in Fighting
  3970 | D:5      | Reached XP level 8. HP: 39/62 MP: 8/8
  3987 | D:5      | Reached skill level 7 in Shields
  4074 | D:5      | You fall into a shaft and drop 3 floors!
  4348 | D:8      | HP: 3/60 [wight/+4 hand axe (7)]
  4349 | D:8      | Slain by a wight

Illustrated notes

Levels and vault maps discovered:
D:1:      roderic_crop_circles_arrival_large, layout_basic,
          dreamdust_ecumenical_altar_grove, serial_shops, shop, st_stairs_6
D:2:      layout_loops_ring, uniq_crazy_yiuf_cottage, uniq_jessica
D:3:      layout_loops_corners
D:4:      layout_basic, kennysheep_minor_cross, chequers_serial_rivers_large_b,
          uniq_blork_the_orc
D:5:      layout_gridville, nicolae_tso_besieged_by_evil, temple_green,
          serial_park_tiny_1, chequers_serial_rivers_marsh
D:8:      layout_loops_cross, lemuel_crystal_altar, dpeg_oklobed_lair,
          enter_bailey_8, nicolae_diode_basic

Skill      XL: |  1  2  3  4  5  6  7  8 |
---------------+-------------------------+-----
Axes           | 3 4 5 6 |  6.0
Armour         | 4 5 6 |  6.1
Shields        | 5 6 7 |  7.9
Fighting       | 4 5 |  5.6
Dodging        | |  0.1

Action                     |  1- 3 |  4- 6 |  7- 9 || total
---------------------------+-------+-------+-------++-------
  Melee: War axe           |    84 |    94 |       ||   178
         Executioner's axe |       |    25 |    75 ||   100
    Use: Scroll            |       |     7 |       ||     7
 Armour: Scale mail        |    38 |    31 |       ||    69
         Chain mail        |       |    31 |    82 ||   113
  Dodge: Dodged            |    34 |    43 |    61 ||   138
  Block: Buckler           |    24 |       |       ||    24
         Kite shield       |    13 |    86 |    99 ||   198

Table legend: (Time is in decaauts)
 A = Elapsed time spent in this place.
 B = Non-inter-level travel time spent in this place.
 C = Inter-level travel time spent in this place.
 D = Time resting spent in this place.
 E = Time spent auto-exploring this place.
 F = Levels seen in this place.
 G = Mean time per level.
                   A        B        C        D        E       F      G
               +--------+--------+--------+--------+--------+-----+--------+
         Total |   4615 |   4465 |    150 |    513 |   2887 |   6 |  769.2 |
       Dungeon |   4615 |   4465 |    150 |    513 |   2887 |   6 |  769.2 |
               +--------+--------+--------+--------+--------+-----+--------+

Top non-repeatable levels by time:
     D:3: 1241 daAuts
     D:2: 1053 daAuts
     D:4: 974 daAuts
     D:1: 887 daAuts
     D:8: 300 daAuts
     D:5: 157 daAuts
